 Dungeon Crawl Stone Soup version 0.29-a0-341-g24ffce5b50 (webtiles) character file.

Game seed: 11815377223951660381

330 HendSelp the Insei (level 6, -5/44 HPs)
             Began as a Human Transmuter on Apr 20, 2022.
             Slain by a water moccasin (8 damage)
             ... on level 5 of the Dungeon.
             The game lasted 00:04:18 (5197 turns).

HendSelp the Insei (Human Transmuter)               Turns: 5197, Time: 00:04:18

Health: -5/44      AC:  3    Str: 12    XL:     6   Next: 81%
Magic:  8/11       EV: 12    Int: 14    God:
Gold:   205        SH:  0    Dex: 13    Spells: 5/11 levels left

rFire   . . .      SeeInvis .     - Unarmed
rCold   . . .      Faith    .   (no shield)
rNeg    . . .      Spirit   .   a - +0 robe
rPois   .          Reflect  .   (helmet currently unavailable)
rElec   .          Harm     .   (no cloak)
rCorr   .          Rampage  .   d - +0 pair of gloves
Will    .....                   (boots currently unavailable)
Stlth   +.........              (no amulet)
HPRegen 0.14/turn               l - ring of flight
MPRegen 0.12/turn               (no ring)

@: lethally poisoned (-5 -> -14), appendages, wereblooded, flying, invisible
A: horns 2, talons 2
a: End Transformation


You were on level 5 of the Dungeon.
You had temporarily grown beastly horns and talons.
You visited 1 branch of the dungeon, and saw 5 of its levels.

You collected 205 gold pieces.

Inventory:

Missiles
 e - a throwing net
Armour
 a - a +0 robe (worn)
 d - a +0 pair of gloves (worn)
 f - a +0 pair of boots (melded)
 h - a +0 helmet (melded)
Jewellery
 l - a ring of flight (left hand)
Wands
 k - a wand of paralysis (7)
 o - a wand of charming (6)
Scrolls
 i - a scroll of teleportation
 n - a scroll of amnesia
 p - a scroll of fog {unknown}
Potions
 b - a potion of magic
 c - a potion of flight
 g - a potion of mutation
 m - a potion of might {unknown}


   Skills:
 * Level 2.1 Fighting
 + Level 2.7 Dodging
 * Level 5.1 Unarmed Combat
 * Level 3.3 Spellcasting
 * Level 3.0 Transmutations


You had 5 spell levels left.
You knew the following spells:

 Your Spells              Type           Power      Damage    Failure   Level
a - Beastly Appendage     Tmut           20%        N/A       6%          1
b - Wereblood             Tmut           10%        N/A       9%          2
c - Spider Form           Tmut/Pois      6%         N/A       32%         3

Your spell library contained the following spells:

 Spells                   Type           Power      Damage    Failure   Level
 Portal Projectile        Hex/Tloc       4%         N/A       52%         3
 Ice Form                 Ice/Tmut       6%         N/A       73%         4
 Blade Hands              Tmut           5%         N/A       86%         5
 Excruciating Wounds      Necr           1%         N/A       99%         5
 Fireball                 Conj/Fire      1%         3d3       99%         5
 Iskenderun's Battlesphe  Conj           2%         2d6       99%         5
 Conjure Ball Lightning   Conj/Air       1%         3x3d6     100%        6
 Orb of Destruction       Conj           1%         9d5       100%        7


Dungeon Overview and Level Annotations

Branches:
Dungeon (5/15)
 Temple: D:4-7

Altars:
Ashenzari
Elyvilon


Innate Abilities, Weirdness & Mutations

You have temporarily grown beastly horns and talons.


Message History

Your +0 pair of boots melds into your body.
You feel sick. The water moccasin barely misses you.
The water moccasin bites you but does no damage.
Unknown command.
You punch the water moccasin! Your kick misses the water moccasin.
Your headbutt misses the water moccasin.
The water moccasin is moderately wounded.
You feel sick. The water moccasin barely misses you.
The gnoll hits you from afar with a +0 spear!
* * * LOW HITPOINT WARNING * * *
Unknown command.
You barely miss the water moccasin.
The water moccasin is moderately wounded.
You feel sick. The water moccasin barely misses you.
The gnoll hits you from afar with a +0 spear.
* * * LOW HITPOINT WARNING * * *
Unknown command.
Unknown command.
You hit the water moccasin. Your kick misses the water moccasin.
You headbutt the water moccasin!
The water moccasin is almost dead.
You feel sick. The water moccasin bites you.
* * * LOW HITPOINT WARNING * * *
You are lethally poisoned!
The water moccasin poisons you!
The water moccasin bites you but does no damage.
The gnoll barely misses you.
Unknown command.
Unknown command.
Unknown command.
Unknown command.
Unknown command.
Unknown command.
Unknown command.
It was a potion of invisibility.
You fade into invisibility!
* * * LOW HITPOINT WARNING * * *
You feel very sick. The water moccasin bites you!
You die...

...# #.# ###... #.# .#..#
#.# ...# #.# #..# #######
#.# #..# #.....# #.#
.#.#<.# #.....#####.####
#.......g###...............
#......ggS@................
##.#.##.g###.....##########
# #g #..# #####.# #. #..#
#.# . ...# #.# . ##### #.#
#.#


You could see a water moccasin (can't see you), a gnoll shaman (can't see you)
and 3 gnolls.

Vanquished Creatures
  A sky beast (D:4)
  Natasha (thrice) (D:4)
  An orc wizard (D:3)
  3 adders
  An ufetubus (D:3)
  An adder skeleton (D:2)
  An adder zombie (D:2)
  3 worms
  2 dart slugs
  9 orcs
  7 bats
  A bat zombie (D:2)
  6 endoplasms
  2 giant cockroaches
  4 goblins
  6 hobgoblins
  2 quokkas (D:1)
  8 ball pythons
  5 frilled lizards
  10 kobolds
  A quokka zombie (D:2)
  12 rats
89 creatures vanquished.

Vanquished Creatures (others)
  A withered plant (D:2)
1 creature vanquished.

Grand Total: 90 creatures vanquished

Notes
Turn   | Place    | Note
-------+----------+-------------------------------------------
     0 | D:1      | HendSelp the Human Transmuter began the quest for the Orb.
     0 | D:1      | Reached XP level 1. HP: 15/15 MP: 3/3
   330 | D:1      | Reached XP level 2. HP: 18/21 MP: 3/5
   826 | D:1      | Reached XP level 3. HP: 26/26 MP: 6/6
  1429 | D:1      | Learned a level 2 spell: Wereblood
  1433 | D:1      | Learned a level 3 spell: Spider Form
  1934 | D:2      | Reached XP level 4. HP: 19/32 MP: 5/7
  2397 | D:2      | Reached skill level 4 in Unarmed Combat
  2757 | D:2      | Found a faded altar of an unknown god.
  2891 | D:3      | Reached XP level 5. HP: 33/37 MP: 5/9
  3459 | D:3      | Found a white marble altar of Elyvilon.
  3492 | D:3      | Found a broken altar of Ashenzari.
  3824 | D:4      | Noticed a sky beast
  4383 | D:4      | Killed a sky beast
  4384 | D:4      | Reached XP level 6. HP: 44/44 MP: 8/10
  4545 | D:4      | Noticed Natasha
  4555 | D:4      | Killed Natasha
  4556 | D:4      | Reached skill level 5 in Unarmed Combat
  4632 | D:4      | Noticed Natasha
  4648 | D:4      | Killed Natasha
  4781 | D:4      | Noticed Natasha
  4792 | D:4      | Killed Natasha
  5106 | D:5      | Entered Level 5 of the Dungeon
  5106 | D:5      | Noticed a water moccasin
  5156 | D:5      | Identified the +8 quarterstaff of the End {freeze, Int+3}
  5197 | D:5      | Slain by a water moccasin

Illustrated notes

Levels and vault maps discovered:
D:1:      scummos_arrival_simple_crosswalls, layout_basic,
          minmay_misc_feat_columns, minmay_tiny_reverse_x
D:2:      layout_basic, shapermc_ecumenical_altar_mp_highgroup, serial_undead,
          serial_undead_b, serial_undead_a, serial_undead_f, serial_undead_e
D:3:      layout_basic, nicolae_overflow_squiral
D:4:      layout_rooms, uniq_natasha
D:5:      layout_loops_ring, minmay_manual_mullet, uniq_prince_ribbit1,
          uniq_eustachio, uniq_crazy_yiuf_cottage

Skill      XL: |  1  2  3  4  5  6 |
---------------+-------------------+-----
Unarmed Combat | 4 5 |  5.1
Fighting       | 2 |  2.1
Spellcasting   | 3 |  3.3
Transmutations | 3 |  3.0
Dodging        | |  2.7

Action                   |  1- 3 |  4- 6 || total
-------------------------+-------+-------++-------
Melee: Unarmed           |   117 |   188 ||   305
       Headbutt          |     5 |    13 ||    18
       Punch             |     5 |     5 ||    10
       Kick              |    13 |    19 ||    32
 Cast: Beastly Appendage |    12 |    25 ||    37
       Wereblood         |     1 |     4 ||     5
Evoke: Wand              |       |     2 ||     2
  Use: Potion            |     1 |     1 ||     2
       Scroll            |     3 |     5 ||     8
 Stab: Sleeping          |     2 |       ||     2
       Paralysed         |       |     7 ||     7
Armor: Robe              |    39 |    58 ||    97
       Skin              |     3 |       ||     3
Dodge: Dodged            |    91 |   131 ||   222

Table legend: (Time is in decaauts)
 A = Elapsed time spent in this place.
 B = Non-inter-level travel time spent in this place.
 C = Inter-level travel time spent in this place.
 D = Time resting spent in this place.
 E = Time spent auto-exploring this place.
 F = Levels seen in this place.
 G = Mean time per level.
                   A        B        C        D        E       F      G
               +--------+--------+--------+--------+--------+-----+--------+
         Total |   5177 |   5038 |    139 |   1066 |   3252 |   5 | 1035.4 |
       Dungeon |   5177 |   5038 |    139 |   1066 |   3252 |   5 | 1035.4 |
               +--------+--------+--------+--------+--------+-----+--------+

Top non-repeatable levels by time:
     D:3: 1506 daAuts
     D:1: 1447 daAuts
     D:2: 1376 daAuts
     D:4: 780 daAuts
     D:5: 66 daAuts
